 Seeded DCSS version 0.30.1-11-g7821555f0a (webtiles) character file.

Game seed: 7978697619540341664 (custom seed)

10577 fireball365 the Severer (level 11, -6/97 HPs)
             Began as a Hill Orc Fighter on Dec 2, 2023.
             Was an Initiate of Gozag.
             Shot with an arrow by a centaur warrior (15 damage)
             ... on level 12 of the Dungeon.
             The game lasted 00:22:48 (12722 turns).

fireball365 the Severer (Hill Orc Fighter)         Turns: 12722, Time: 00:22:49

Health: -6/97      AC: 24    Str: 20 (24) XL:     11   Next: 64%
Magic:  11/11      EV: 15    Int:  5 (8)  God:    Gozag
Gold:   290        SH:  0    Dex:  6 (10) Spells: 10/10 levels left

rFire   . . .        t - +1 battleaxe (venom)
rCold   + + .        (shield currently unavailable)
rNeg    . . .        r - +7 Kryia's mail coat {PotionHeal*2 rC+}
rPois   +            m - +0 helmet of the Dozen Knives {Harm rElec rC+ Slay+3}
rElec   +            (no cloak)
rCorr   .            e - +2 pair of gloves
SInv    .            b - +1 pair of boots
Will    .....        (no amulet) Stlth
                     f - ring of poison resistance
HPRegen 0.36/turn    O - +5 ring of evasion
MPRegen 0.12/turn

%: harm (+30% outgoing, +20% incoming)
@: no status effects
A: iridescent scales 1, deterioration 1
a: Renounce Religion, Potion Petition, Call Merchant, Bribe Branch


You were on level 12 of the Dungeon.
You worshipped Gozag.
Gozag was aware of your devotion.
You visited 2 branches of the dungeon, and saw 13 of its levels.
You also visited: Sewer.

You collected 1675 gold pieces.
You spent 1305 gold pieces at shops.
You paid 80 gold pieces to Gozag.

Inventory:

Hand Weapons
 a - a +0 war axe
 t - a +1 battleaxe of venom (weapon)
Armour
 b - a +1 pair of boots (worn)
 e - a +2 pair of gloves (worn)
 m - the +0 helmet of the Dozen Knives (worn) {Harm rElec rC+ Slay+3}
   (You bought it in a shop on level 7 of the Dungeon)

   Slay:      It affects your accuracy & damage with ranged weapons and melee
   (+3).
   rC:        It protects you from cold.
   rElec:     It insulates you from electricity.
   Harm:      It increases damage dealt and taken.
 r - the +7 Kryia's mail coat (worn) {PotionHeal*2 rC+}
   (You found it on level 3 of the Dungeon)

   PotionHeal*2: Potions heal its wearer twice as much.
   rC:        It protects you from cold.
 u - a +0 tower shield
 J - a +2 kite shield
Jewellery
 f - a ring of poison resistance (left hand)
 i - a ring of positive energy
 j - a ring of resist corrosion
 F - a ring of willpower
 O - a +5 ring of evasion (right hand)
Wands
 h - a wand of acid (8)
 w - a wand of paralysis (5)
 x - a wand of flame (33)
 G - a wand of roots (13)
 K - a wand of mindburst (14)
 L - a wand of polymorph (5)
Scrolls
 k - a scroll of silence
 l - 2 scrolls of enchant armour
 o - a scroll of poison
 s - 2 scrolls of fog
 v - 3 scrolls of fear
 C - 5 scrolls of blinking
 D - 8 scrolls of teleportation
 E - a scroll of magic mapping
 I - 8 scrolls of identify (quivered)
 M - a scroll of immolation
Potions
 d - 5 potions of might
 g - a potion of lignification
 n - 5 potions of brilliance
 p - 3 potions of attraction
 q - 3 potions of curing
 z - 8 potions of flight
 A - 2 potions of degeneration
 H - 2 potions of resistance
 N - 2 potions of haste
Miscellaneous
 y - a phantom mirror


   Skills:
 + Level 9.4 Fighting
 + Level 16.5 Axes
 + Level 9.5 Armour
 + Level 3.9 Dodging
 + Level 2.9 Stealth
 + Level 4.4 Shields
 + Level 0.1 Evocations


You had 10 spell levels left.
You didn't know any spells.
Your spell library contained the following spells:

 Spells                   Type           Power      Damage    Failure   Level
 Ensorcelled Hibernation  Hex/Ice        0%         N/A       89%         2
 Passwall                 Tmut/Erth      0%         N/A       89%         2
 Call Canine Familiar     Summ           0%         N/A       98%         3
 Portal Projectile        Hex/Tloc       0%         N/A       98%         3
 Swiftness                Air            0%         N/A       98%         3
 Leda's Liquefaction      Hex/Erth       0%         N/A       100%        4
 Summon Forest            Summ/Tloc      0%         N/A       100%        5
 Eringya's Noxious Bog    Tmut/Pois      0%         N/A       100%        6
 Summon Hydra             Summ           0%         N/A       100%        7


Dungeon Overview and Level Annotations

Branches:
Dungeon (12/15)            Temple (1/1) D:5            Lair (0/5) D:11
    Orc (0/2) D:12          Sewer (visited)

Altars:
Ashenzari
Cheibriados
Dithmenos
Elyvilon
Fedhas
Gozag
Hepliaklqana
Kikubaaqudgha
Makhleb
Nemelex Xobeh
Okawaru
Qazlal
Ru
Sif Muna
Trog
Uskayaw
Vehumet
Wu Jian
Xom
Yredelemnul
Zin
The Shining One
Beogh

Shops:
D:1 [   D:7 *[[   D:9 ?   D:12 [(

Annotations:
D:12 3 runed translucent doors, middlethird's ghost, journeyman VSEE


Innate Abilities, Weirdness & Mutations

You are partially covered in iridescent scales. (AC +2)
Your body sometimes deteriorates upon taking damage.


Message History

Your body deteriorates!
You feel clumsy.
The centaur warrior shoots an arrow.
The arrow hits you but does no damage.
The centaur warrior shoots an arrow.
The arrow misses you.
The centaur warrior shoots an arrow.
The arrow hits you but does no damage.
Aiming: Throw Flame
Press: ? - help, Q - select action, (/) - cycle Shift-Dir - straight line, f - centaur warrior
Aim: a centaur warrior, wielding a +0 shortbow (77% to hit)
The puff of flame hits the centaur warrior.
The centaur warrior is lightly wounded.
The centaur warrior shoots an arrow.
The arrow hits you!
* * * LOW HITPOINT WARNING * * *
Your body deteriorates!
You feel weakened.
You are confused.
The +7 Kryia's mail coat enhances the healing.
You feel invigorated.
The centaur warrior shoots an arrow.
The arrow hits you!
* * * LOW HITPOINT WARNING * * *
The +7 Kryia's mail coat enhances the healing.
You feel better.
You feel less invigorated.
The centaur warrior shoots an arrow.
The arrow misses you.
Aiming: Mindburst
Press: ? - help, Q - select action, (/) - cycle Shift-Dir - straight line, f/p - centaur warrior
Aim: a centaur warrior, wielding a +0 shortbow (lightly wounded, chance to affect: 47%)
The centaur warrior's mind is blasted!
The centaur warrior shoots an arrow.
The arrow hits you!!
* * * LOW HITPOINT WARNING * * *
Aiming: Mindburst
Press: ? - help, Q - select action, (/) - cycle Shift-Dir - straight line, f/p - centaur warrior
Aim: a centaur warrior, wielding a +0 shortbow (heavily wounded, chance to affect: 47%)
The centaur warrior resists with some effort.
The centaur warrior shoots an arrow.
The arrow hits you!
* * * LOW HITPOINT WARNING * * *
Aiming: Throw Flame
Press: ? - help, Q - select action, (/) - cycle Shift-Dir - straight line, p - centaur warrior
Okay, then.
The +7 Kryia's mail coat enhances the healing.
You feel better.
The centaur warrior shoots an arrow.
The arrow hits you!
* * * LOW HITPOINT WARNING * * *
The centaur warrior shoots an arrow.
The arrow hits you!
You die...
Your body crumbles into a pile of gold.

#+##..###..###...#
...#..############
...'..........
...#..........
...#..........
...#..........
...#..........
...#+##############
....$...........@.#
...........c......#
..................#
..................#
..................#
..................#
..................#
..................#


You could see a centaur warrior.

Vanquished Creatures
  A hydra (D:11)
  Erolcha (D:9)
  2 two-headed ogres
  Pikel (D:9)
  2 cyclopes (D:11)
  An ugly thing (D:12)
  A komodo dragon (D:12)
  Prince Ribbit (D:5)
  2 wraiths
  3 shadows
  3 yaks (D:10)
  A wyvern (D:8)
  A steam dragon (D:7)
  Menkaure (D:6)
  A water moccasin (D:9)
  4 orc warriors
  An ice beast (D:7)
  A sky beast (D:6)
  A black bear (D:7)
  2 centaurs
  3 kobold brigands
  A lemure (D:9)
  A phantom (D:7)
  6 bullfrogs
  2 gnoll sergeants
  A scorpion (D:5)
  13 wights
  10 killer bees
  9 howler monkeys
  An electric eel (D:7)
  4 jellies
  6 orc priests
  3 hounds
  2 sleepcaps
  5 iguanas
  10 orc wizards
  7 gnolls
  6 adders
  A river rat (D:4)
  6 shadow imps
  A white imp (D:5)
  An ufetubus (D:5)
  2 worms
  4 dart slugs
  31 orcs
  6 bats
  15 endoplasms
  8 giant cockroaches (Sewer)
  5 goblins
  4 hobgoblins
  2 jackals (D:3)
  15 kobolds
  12 quokkas
  15 ball pythons
  6 frilled lizards
  10 rats
265 creatures vanquished.

Vanquished Creatures (collateral kills)
  A steam dragon (D:9)
1 creature vanquished.

Grand Total: 266 creatures vanquished

Notes
Turn   | Place    | Note
-------+----------+-------------------------------------------
     0 | D:1      | fireball365 the Hill Orc Fighter began the quest for the
                  | Orb.
     0 | D:1      | Reached XP level 1. HP: 19/19 MP: 1/1
    37 | D:1      | Found Qeuwk's Antique Armour Boutique.
   188 | D:1      | Reached XP level 2. HP: 22/27 MP: 2/2
   267 | D:1      | Reached skill level 3 in Axes
   294 | D:1      | Found a faded altar of an unknown god.
   731 | D:2      | Reached XP level 3. HP: 33/33 MP: 3/3
  1826 | D:3      | Reached XP level 4. HP: 40/40 MP: 4/4
  1923 | D:3      | Reached skill level 4 in Axes
  2223 | D:3      | Found the +7 Kryia's mail coat {PotionHeal*2 rC+}
  2542 | D:3      | Reached XP level 5. HP: 47/47 MP: 5/5
  2917 | D:4      | Reached skill level 5 in Axes
  2917 | D:4      | Reached skill level 1 in Dodging
  3088 | D:4      | Found a white marble altar of Elyvilon.
  3122 | D:4      | Reached XP level 6. HP: 53/53 MP: 6/6
  3175 | D:4      | Found a glowing drain.
  3211 | Sewer    | Entered a sewer
  3531 | Sewer    | Reached skill level 6 in Axes
  3533 | Sewer    | Identified the +0 chain mail of Proximity {rElec Int+6
                  | Stlth-}
  3537 | Sewer    | Reached skill level 5 in Fighting
  3537 | Sewer    | Reached XP level 7. HP: 38/61 MP: 7/7
  3646 | D:4      | Found a radiant altar of Vehumet.
  4383 | D:4      | Reached skill level 7 in Axes
  4720 | D:4      | Identified a scroll of acquirement
  4720 | D:4      | Acquired a +0 battleaxe of venom
  4734 | D:5      | Entered Level 5 of the Dungeon
  4824 | D:5      | Noticed Prince Ribbit
  4839 | D:5      | Killed Prince Ribbit
  4840 | D:5      | Reached skill level 8 in Axes
  4840 | D:5      | Reached skill level 5 in Armour
  4924 | D:5      | Reached XP level 8. HP: 69/69 MP: 8/8
  5004 | D:5      | Found a glowing golden altar of the Shining One.
  5333 | D:5      | Found a staircase to the Ecumenical Temple.
  5528 | Temple   | Entered the Ecumenical Temple
  5593 | Temple   | Became a worshipper of Gozag Ym Sagoz the Greedy
  6009 | D:6      | Noticed Menkaure
  6020 | D:6      | Killed Menkaure
  6134 | D:6      | Reached skill level 9 in Axes
  6208 | D:6      | Found a glowing silver altar of Zin.
  6761 | D:7      | Reached skill level 10 in Axes
  6909 | D:7      | Reached XP level 9. HP: 74/75 MP: 9/9
  6969 | D:7      | Found Foeck's Armour Shop.
  7069 | D:7      | Found Vautogh's Armour Shoppe.
  7245 | D:7      | Reached skill level 11 in Axes
  7655 | D:7      | Found Uqois's Assorted Antiques.
  7707 | D:7      | Bought a scroll labelled SIMPUSORUP for 22 gold pieces
  7707 | D:7      | Bought a scroll labelled JUDORREMOE for 22 gold pieces
  7707 | D:7      | Bought a scroll of identify for 44 gold pieces
  7707 | D:7      | Bought a copper wand for 88 gold pieces
  7707 | D:7      | Bought a bubbling coppery potion for 19 gold pieces
  7744 | D:7      | Gained mutation: Your spells are a little easier to cast,
                  | but a little less powerful. [potion of mutation]
  7744 | D:7      | Gained mutation: You are partially covered in iridescent
                  | scales. (AC +2) [potion of mutation]
  7744 | D:7      | Gained mutation: You are weak. (Str -2) [potion of
                  | mutation]
  7745 | D:7      | Lost mutation: Your spells are a little easier to cast, but
                  | a little less powerful. [potion of mutation]
  7745 | D:7      | Lost mutation: You are partially covered in iridescent
                  | scales. (AC +2) [potion of mutation]
  7745 | D:7      | Lost mutation: You are weak. (Str -2) [potion of mutation]
  7745 | D:7      | Gained mutation: Your body sometimes deteriorates upon
                  | taking damage. [potion of mutation]
  7745 | D:7      | Gained mutation: You are partially covered in iridescent
                  | scales. (AC +2) [potion of mutation]
  8119 | D:8      | Reached skill level 1 in Stealth
  8496 | D:8      | Found a shimmering blue altar of Sif Muna.
  8508 | D:8      | Found an ancient bone altar of Kikubaaqudgha.
  8561 | D:8      | Reached skill level 12 in Axes
  8705 | D:8      | Found a burning altar of Makhleb.
  8706 | D:8      | Found a broken altar of Ashenzari.
  8706 | D:8      | Found a shadowy altar of Dithmenos.
  8747 | D:8      | Found a stormy altar of Qazlal.
  8897 | D:8      | Reached XP level 10. HP: 86/86 MP: 10/10
  9061 | D:7      | Bought the +0 helmet of the Dozen Knives {Harm rElec rC+
                  | Slay+3} for 571 gold pieces
  9257 | D:9      | Found Duperghi's Magic Scroll Emporium.
  9285 | D:9      | Bought a scroll of teleportation for 45 gold pieces
  9285 | D:9      | Bought a scroll of teleportation for 45 gold pieces
  9307 | D:9      | Reached skill level 13 in Axes
  9459 | D:9      | Noticed Erolcha
  9468 | D:9      | Killed Erolcha
  9614 | D:9      | Found an iron altar of Okawaru.
  9616 | D:9      | Noticed Pikel
  9623 | D:9      | Killed Pikel
  9624 | D:9      | Reached skill level 14 in Axes
  9978 | D:9      | Found a hazy altar of Hepliaklqana.
  9979 | D:9      | Found a faded altar of an unknown god.
 10011 | D:9      | Noticed a two-headed ogre
 10021 | D:9      | Killed a two-headed ogre
 10140 | D:9      | Bought a scroll of blinking for 112 gold pieces
 10181 | D:10     | Entered Level 10 of the Dungeon
 10191 | D:10     | Reached skill level 15 in Axes
 10202 | D:10     | Reached XP level 11. HP: 61/95 MP: 11/11
 10451 | D:10     | Found a hide-covered altar of Uskayaw.
 11046 | D:11     | Noticed a cyclops
 11053 | D:11     | Killed a cyclops
 11148 | D:11     | Noticed an eight-headed hydra
 11164 | D:11     | Killed a 16-headed hydra
 11343 | D:11     | Found a staircase to the Lair.
 11371 | D:11     | Noticed a two-headed ogre
 11376 | D:11     | Killed a two-headed ogre
 11377 | D:11     | Reached skill level 16 in Axes
 11491 | D:11     | Noticed a cyclops
 11495 | D:11     | Killed a cyclops
 12022 | D:9      | Bought 3 scrolls of blinking for 337 gold pieces
 12278 | D:12     | Found Vypsum's Armour Shop.
 12379 | D:12     | Found a staircase to the Orcish Mines.
 12382 | D:12     | Found Jeptyu's Weapon Shop.
 12502 | D:12     | Found a runed translucent gate.
 12502 | D:12     | Noticed middlethird's ghost (journeyman VSEE)
 12503 | D:12     | Found a runed translucent gate.
 12503 | D:12     | Identified the +1 plate armour "Nonneq" {Will+ Str+3 Dex+2}
 12504 | D:12     | Found a runed translucent gate.
 12548 | D:12     | Found a roughly hewn altar of Beogh.
 12696 | D:12     | Noticed a purple ugly thing
 12702 | D:12     | Noticed a centaur warrior
 12703 | D:12     | Killed a purple ugly thing
 12721 | D:12     | HP: 4/97 [centaur warrior/arrow (9)]
 12722 | D:12     | Shot with an arrow by a centaur warrior

Illustrated notes

Levels and vault maps discovered:
D:1:      minmay_arrival_glassed_features, layout_loops_cross, serial_shops,
          nicolae_diamond_shop, shapermc_ecumenical_altar_acropolis,
          minmay_misc_feat_pillars, chequers_serial_rivers_micro_e
D:2:      layout_basic
D:3:      layout_basic, minmay_fractal_squares_diagonal_5
D:4:      layout_layer_cave, mainiacjoe_overflow_alcove_4,
          mainiacjoe_overflow_24_doors, cheibrodos_sewer_entry_sluice
D:5:      layout_cave_pods, mainiacjoe_overflow_tiny_flanked,
          minmay_temple_entry_glassed_door, minmay_door_square,
          roderic_serpentine_path, uniq_prince_ribbit1
D:6:      layout_loops_ring, lemuel_doored_altar, uniq_menkaure
D:7:      layout_loops_ring, nicolae_wooded_promenade, st_stairs_9,
          roderic_roman_lattice
D:8:      layout_loops_cross, grunt_temple_overflow_open,
          chequers_temple_overflow_statue_of_worship
D:9:      layout_gridville, nicolae_overflow_crystal_walls,
          beargit_hepliaklqana_dungeon_heroes, serial_shops, shop,
          kennysheep_doodads, kennysheep_generic_room_10, uniq_pikel,
          uniq_erolcha
D:10:     layout_long_grid, nicolae_uskayaw_murder_on_the_dancefloor,
          dreamdust_deal_with_the_devil
D:11:     layout_loops_cross, lair_entry_dummy
D:12:     layout_gridville, orc_david_3, biasface_ghost_orc_armoury
Temple:   jpeg_temple_island

Skill      XL: |  1  2  3  4  5  6  7  8  9 10 11 |
---------------+----------------------------------+-----
Axes           | 3 4 5 6 8 10 12 15 16 | 16.5
Fighting       | 4 5 6 7 8 9 |  9.4
Armour         | 4 5 6 7 8 9 |  9.5
Dodging        | 1 2 3 |  3.9
Shields        | 4 |  4.4
Stealth        | 1 2 |  2.9
Evocations     | |  0.1

Action                     |  1- 3 |  4- 6 |  7- 9 | 10-12 || total
---------------------------+-------+-------+-------+-------++-------
  Melee: War axe           |    78 |   236 |    27 |       ||   341
         Battleaxe         |       |       |   277 |   141 ||   418
  Evoke: Wand              |       |       |       |     4 ||     4
    Use: Scroll            |     4 |       |    15 |     3 ||    22
         Potion            |       |       |     3 |     8 ||    11
   Stab: Distracted        |       |       |     3 |       ||     3
         Confused          |       |       |       |     1 ||     1
 Armour: Scale mail        |    50 |   176 |   188 |   141 ||   555
  Dodge: Dodged            |    61 |   176 |   162 |   154 ||   553
  Block: Buckler           |    29 |    70 |     8 |       ||   107
